 Dungeon Crawl Stone Soup version bcrawl-1.21.2-28-g2cb1824106 (webtiles) character file.

Game seed: 10076459477550568576

287 Freyura the Sneak (level 6, -2/32 HPs)
             Began as a Felid Monk on Mar 6, 2020.
             Slain by a gnoll sergeant
             ... wielding a +3 vampiric spear
              (14 damage)
             ... on level 3 of the Dungeon.
             The game lasted 00:14:09 (3819 turns).

Freyura the Sneak (Felid Monk)                      Turns: 3819, Time: 00:14:10

Health: -2/32      AC:  2    Str:  7    XL:     6   Next: 30%
Magic:  0/8        EV: 21    Int: 13    God:
Gold:   211        SH:  0    Dex: 21    Spells: 5/5 levels left
                                        Lives:  0   Deaths: 1

rFire    . . .     SeeInvis +     - Unarmed
rCold    . . .     Gourm    .   (shield unavailable)
rNeg     + . .     Faith    .   (armour unavailable)
rPois    +         Spirit   +   (helmet unavailable)
rElec    .         Reflect  .   (cloak restricted)
rCorr    .         Harm     .   (gloves unavailable)
MR       .....                  (boots unavailable)
Stlth    ++++......             a - amulet of guardian spirit
HPRegen  0.10/turn              c - ring of positive energy
MPRegen  0.11/turn              (no ring)

@: quick
A: very small, no armour, no weapons or thrown items, stealth, claws 1, fangs 3,
see invisible, carnivore, clever 1, speed 1, sense surroundings 1, poison
resistance, shaggy fur 2, slow metabolism 1, MP-powered wands, sharp paws
a: no special abilities


You were on level 3 of the Dungeon.
You were completely stuffed.

You visited 1 branch of the dungeon, and saw 3 of its levels.

You collected 211 gold pieces.

Inventory:

Jewellery
 a - an amulet of guardian spirit (around neck)
 c - a ring of positive energy (left paw)
 i - a cursed ring of teleportation {unknown}
Wands
 j - a wand of disintegration (8)
Scrolls
 b - a scroll of fear
 g - a scroll of remove curse
Potions
 d - a potion of curing
 f - 2 potions of invisibility {unknown}
 k - a potion of resistance {unknown}
 l - a potion of degeneration {unknown}
 m - a potion of brilliance {unknown}
Comestibles
 e - 6 rations {!d}
 h - a chunk of flesh


   Skills:
 + Level 3.4 Fighting
 + Level 4.8 Dodging
 * Level 6.7 Stealth
 + Level 6.2 Unarmed Combat
   Level 2.1 Invocations
 + Level 0.4 Evocations


You had 5 spell levels left.
You didn't know any spells.
Your spell library contained the following spells:

 Spells                   Type           Power        Failure   Level  Hunger
 Corona                   Hex            #......      30%         1    ##.....
 Ensorcelled Hibernation  Hex/Ice        #.....       43%         2    ###....
 Confuse                  Hex            #.......     67%         3    ####...
 Dazzling Spray           Conj/Hex       #.....       67%         3    ####...
 Tukima's Dance           Hex            #.......     67%         3    ####...


Dungeon Overview and Level Annotations

Branches:
Dungeon (3/12)

Altars:
Dithmenos
Okawaru


Innate Abilities, Weirdness & Mutations

You cannot wear almost all types of armour.
You are incapable of wielding weapons or throwing items.
Your paws allow you to move quietly. (Stealth)
You have sharp claws.
You have razor-sharp teeth.
You have supernaturally acute eyesight. (SInv)
You are carnivorous and can eat meat at any time.
You cover ground quickly.
You are covered in thick fur. (AC +2)
You have a slow metabolism.
Your sharp claws are effective at attacking unaware monsters.
Your mind is acute. (Int +2)
You passively map a small area around you.
Your system is resistant to poisons. (rPois)
You expend magic power (3 MP) to strengthen your wands.


Message History

The gnoll sergeant completely misses you.
The gnoll closely misses you.
Evoke which item? (* to show all) (? for menu, Esc to quit)
Aiming: Disintegrate
Press: ? - help, Shift-Dir - straight line, f/p - gnoll sergeant
Aim: a gnoll sergeant, wielding a +3 vampiric spear, wearing a +0 ring mail and wearing a +0 medium shield (heavily wounded, chance to defeat MR: 71%)
You feel a slight surge of power.
The gnoll sergeant struggles to resist.
The gnoll sergeant hits you with a +3 vampiric spear!
The gnoll sergeant draws strength from your wounds!
You scratch the gnoll sergeant but do no damage.
The gnoll sergeant is heavily wounded.
The gnoll completely misses you. The gnoll sergeant barely misses you.
A gnoll comes into view. It is wielding a +0 short sword.
The gnoll sergeant blocks your attack.
You claw the gnoll sergeant, but do no damage.
You bite the gnoll sergeant.
The gnoll sergeant is heavily wounded.
The gnoll misses you.
The gnoll sergeant hits you with a +3 vampiric spear!
You die...

#################################
................P.....^..........
....P.............P..............
....≈≈≈≈≈≈≈≈≈≈≈≈≈≈≈≈≈≈≈≈≈≈≈≈≈≈≈≈≈
....≈≈≈≈≈≈≈≈≈≈≈≈≈≈≈≈≈≈≈≈≈≈≈≈≈≈≈≈≈
....≈≈#####≈≈≈≈≈≈≈≈≈≈≈≈≈≈≈≈≈≈≈≈≈≈
....≈≈#...#......[...............
...P≈≈#...#######################
....≈≈###'#....'@gg.....*
....≈≈≈.#.#%..)###g#####
.P..≈≈≈.#.#..)%# ,.. ,
....≈≈≈.#)###'## ,... , *
....≈≈≈.#.).%..#, , %.. ,
....≈≈≈.#...%..# ,, ..
....≈≈≈.#.#####################
....≈≈≈.#.#...........#....#...
....≈≈≈.#.'...........'....'... ,


You could see a gnoll sergeant and 2 gnolls.

Vanquished Creatures
  A crimson imp (D:3)
  4 gnoll shamans (D:3)
  2 orc priests (D:3)
  An iguana (D:3)
  An adder (D:3)
  24 gnolls (D:3)
  An ooze (D:2)
  2 worms
  4 dart slugs
  2 leopard geckos
  6 orcs
  5 bats
  5 giant cockroaches
  8 goblins
  7 hobgoblins
  19 jackals
  A quokka (D:2)
  2 ball pythons
  5 frilled lizards
  8 kobolds
  3 rats
111 creatures vanquished.

Notes
Turn   | Place    | Note
-------+----------+-------------------------------------------
     0 | D:1      | Freyura the Felid Monk began the quest for the Orb.
     0 | D:1      | Reached XP level 1. HP: 12/12 MP: 3/3
   418 | D:1      | Reached XP level 2. HP: 16/16 MP: 4/4
  1473 | D:2      | Reached XP level 3. HP: 20/20 MP: 5/5
  1991 | D:3      | Reached XP level 4. HP: 24/24 MP: 6/6
  2099 | D:3      | Reached skill level 5 in Stealth
  2154 | D:3      | Reached XP level 5. HP: 28/28 MP: 7/7
  2232 | D:3      | Reached skill level 5 in Unarmed Combat
  2255 | D:3      | Gained mutation: You are surrounded by a mild repulsion
                  | field. (EV +2) [potion of mutation]
  2255 | D:3      | Gained mutation: You passively map a small area around you.
                  | [potion of mutation]
  2258 | D:3      | Slain by an orc
  2259 | D:3      | Reached XP level 4. HP: -1/24 MP: 0/6
  2259 | D:3      | Lost mutation: You are surrounded by a mild repulsion
                  | field. (EV +2) [potion of mutation]
  2259 | D:3      | Gained mutation: You are frail. (-10% HP) [potion of
                  | mutation]
  2259 | D:3      | Gained mutation: You are somewhat resistant to further
                  | mutation. [potion of mutation]
  2260 | D:3      | Lost mutation: You are frail. (-10% HP) [potion of
                  | mutation]
  2260 | D:3      | Lost mutation: You are somewhat resistant to further
                  | mutation. [potion of mutation]
  2260 | D:3      | Gained mutation: Your mind is acute. (Int +2) [potion of
                  | mutation]
  2260 | D:3      | Gained mutation: You expend magic power (3 MP) to
                  | strengthen your wands. [potion of mutation]
  2260 | D:3      | Gained mutation: Your system is resistant to poisons.
                  | (rPois) [potion of mutation]
  2585 | D:3      | Reached XP level 5. HP: 28/28 MP: 7/7
  2704 | D:3      | Found an iron altar of Okawaru.
  2771 | D:3      | Found a shadowy altar of Dithmenos.
  3646 | D:3      | Gained mutation: You are covered in thick fur. (AC +2)
                  | [Felid growth]
  3646 | D:3      | Reached XP level 6. HP: 18/32 MP: 3/8
  3819 | D:3      | Slain by a gnoll sergeant

Skill      XL: |  1  2  3  4  5  6 |
---------------+-------------------+-----
Unarmed Combat | 4 5 6 |  6.2
Stealth        | 4 6 |  6.7
Fighting       | |  3.4
Dodging        | |  4.8
Invocations    | |  2.1
Evocations     | |  0.4

Action                   |  1- 3 |  4- 6 || total
-------------------------+-------+-------++-------
Melee: Unarmed           |   135 |   232 ||   367
       Bite              |    13 |    26 ||    39
       Punch             |     2 |     9 ||    11
Evoke: Wand              |       |    14 ||    14
  Use: Scroll            |     6 |       ||     6
       Potion            |       |     5 ||     5
 Stab: Sleeping          |    16 |     7 ||    23
       Distracted        |       |     1 ||     1
  Eat: Chunk             |     9 |    10 ||    19
Armor: Skin              |     2 |     3 ||     5
Dodge: Dodged            |   108 |   191 ||   299
